 Dungeon Crawl Stone Soup version 0.28-a0-1594-ga885d4b3d6 (webtiles) character file.

Game seed: 2082044410363417081

354 fragbeetle the Slasher (level 6, -1/52 HPs)
             Began as a Palentonga Abyssal Knight on Jan 20, 2022.
             Was a Believer of Lugonu.
             Slain by a gnoll (2 damage)
             ... on level 5 of the Dungeon.
             The game lasted 00:09:44 (4589 turns).

fragbeetle the Slasher (Palentonga Abyssal Knight)  Turns: 4589, Time: 00:09:45

Health: -1/52      AC:  7    Str: 18    XL:     6   Next: 35%
Magic:  8/9        EV:  9    Int: 10    God:    Lugonu [**....]
Gold:   188        SH:  0    Dex: 11    Spells: 5/5 levels left

rFire   . . .      SeeInvis +   B - +3 rapier (flame)
rCold   + . .      Faith    .   (no shield)
rNeg    . . .      Spirit   .   o - +2 leather armour "Xair" {rC+ rCorr}
rPois   .          Reflect  .   m - +0 helmet
rElec   .          Harm     .   (no cloak)
rCorr   +          Rampage  .   (no gloves)
Will    .....                   (no barding)
Stlth   +.........              (no amulet)
HPRegen 0.17/turn               (no ring)
MPRegen 0.11/turn               (no ring)

@: lethally poisoned (-1 -> -11), flying
A: large, rugged brown scales 3, see invisible, deformed body, roll 1, armoured
tail
a: Rolling Charge, Renounce Religion, Depart the Abyss, Bend Space


You were on level 5 of the Dungeon.
You worshipped Lugonu.
Lugonu was pleased with you.
You visited 2 branches of the dungeon, and saw 6 of its levels.
You visited the Abyss 1 time.

You collected 188 gold pieces.

Inventory:

Hand Weapons
 a - a +1 falchion
 e - a +1 whip of electrocution
 x - a +0 shortbow
 y - a +0 arbalest
 B - a +3 rapier of flaming (weapon)
Missiles
 f - 62 stones
 l - 32 arrows
 r - 6 boomerangs
 u - 4 poisoned darts
Armour
 m - a +0 helmet (worn)
 o - the +2 leather armour "Xair" (worn) {rC+ rCorr}
   (You found it on level 2 of the Dungeon)

   rC:        It protects you from cold.
   rCorr:     It protects you from acid and corrosion.
Scrolls
 d - 3 scrolls of teleportation {unknown}
 h - 3 scrolls of vulnerability {unknown}
 i - a scroll of holy word {unknown}
 k - 3 scrolls of identify {unknown}
 q - a scroll of immolation {unknown}
 t - a scroll of magic mapping {unknown}
 w - a scroll of brand weapon {unknown}
 z - a scroll of fog {unknown}
 A - a scroll of blinking {unknown}
Potions
 c - a potion of attraction {unknown}
 g - a potion of resistance {unknown}
 j - a potion of haste {unknown}
 n - a potion of degeneration {unknown}
 p - a potion of heal wounds {unknown}
 s - a potion of mutation {unknown}


   Skills:
 + Level 4.4 Fighting
 + Level 0.5(3.0) Short Blades
 + Level 4.8 Long Blades
 - Level 1.6 Armour
 - Level 0.8 Dodging
 + Level 4.0 Invocations


You had 5 spell levels left.
You didn't know any spells.
Your spell library was empty.

Dungeon Overview and Level Annotations

Branches:
Dungeon (5/15)             Temple (1/1) D:4

Altars:
Ashenzari
Cheibriados
Dithmenos
Elyvilon
Fedhas
Gozag
Hepliaklqana
Kikubaaqudgha
Nemelex Xobeh
Okawaru
Qazlal
Ru
Sif Muna
Trog
Uskayaw
Wu Jian
Yredelemnul
Zin

Annotations:
D:3 Terence


Innate Abilities, Weirdness & Mutations

You are completely covered in rugged brown scales. (AC +3, +7% HP)
You have supernaturally acute eyesight. (SInv)
Armour fits poorly on your strangely shaped body.
You can roll at nearby foes to attack.
You have a long armoured tail.


Message History

You puncture the jelly! You burn the jelly.
You kill the jelly!
Lugonu accepts your kill. The gnoll hits you with a +0 whip.
Your Invocations skill increases to level 4!
You puncture the gnoll! You burn the gnoll.
You tail-slap the gnoll, but do no damage.
You punch the gnoll.
The gnoll is almost dead.
The gnoll closely misses you. The gnoll hits you with a +0 whip.
You puncture the gnoll! You burn the gnoll.
You kill the gnoll!
Lugonu accepts your kill.
A gnoll opens the door.
You barely miss the scorpion. The scorpion closely misses you.
The scorpion stings you.
You are poisoned.
The scorpion poisons you! The gnoll closely misses you.
You puncture the scorpion! You burn the scorpion.
The scorpion is heavily wounded.
You feel very sick. The gnoll barely misses you. The scorpion stings you.
* * * LOW HITPOINT WARNING * * *
You are lethally poisoned!
The scorpion poisons you! The gnoll closely misses you.
You closely miss the scorpion.
The scorpion is heavily wounded.
* * * LOW HITPOINT WARNING * * *
You feel very sick.
The scorpion stings you but does no damage.
The gnoll barely misses you. The gnoll closely misses you.
It was a potion of flight.
You feel very buoyant.
You fly up into the air.
* * * LOW HITPOINT WARNING * * *
You feel very sick. The scorpion stings you.
* * * LOW HITPOINT WARNING * * *
The gnoll hits you with a +0 club.
You die...

.........# .......g.+
....... ##.....g.#
).....# .........#
......#
.....sg..#####......#
.....................
#..##.........#
#..##.##s.....#
#.....g@......#
##..#.#g#+#####
##.#.......
#.#....... #.#.......
#.####.........
#.#........#+#.###
#.#######..#.#.#
#####.#.....#....#.##


You could see a scorpion and 2 gnolls.

Vanquished Creatures
  A phantom (D:4)
  A scorpion (D:4)
  A jelly (D:5)
  6 gnolls
  4 adders (D:2)
  An ufetubus (D:5)
  2 worms
  3 dart slugs
  An orc (D:5)
  3 bats
  6 endoplasms
  2 giant cockroaches (D:4)
  5 goblins
  7 hobgoblins
  9 jackals
  3 quokkas
  6 ball pythons
  2 frilled lizards
  5 kobolds
  A rat (D:3)
69 creatures vanquished.

Notes
Turn   | Place    | Note
-------+----------+-------------------------------------------
     0 | Abyss:1  | fragbeetle the Palentonga Abyssal Knight began the quest
                  | for the Orb.
     0 | Abyss:1  | Reached XP level 1. HP: 19/19 MP: 2/2
    14 | D:1      | Escaped the Abyss
   496 | D:1      | Reached XP level 2. HP: 25/25 MP: 3/3
   979 | D:2      | Reached XP level 3. HP: 31/31 MP: 4/4
  1028 | D:2      | Reached ** piety under Lugonu
  1254 | D:2      | Reached XP level 4. HP: 7/37 MP: 6/6
  1509 | D:2      | Identified the +2 leather armour "Xair" {rC+ rCorr}
  2448 | D:3      | Found a shimmering blue altar of Sif Muna.
  2565 | D:3      | Noticed Terence
  3028 | D:4      | Found a staircase to the Ecumenical Temple.
  3037 | Temple   | Entered the Ecumenical Temple
  3283 | D:4      | Found a snail-covered altar of Cheibriados.
  3351 | D:4      | Noticed a phantom
  3399 | D:4      | HP: 1/39 [phantom (3)]
  3401 | D:4      | Killed a phantom
  3402 | D:4      | Reached XP level 5. HP: 2/44 MP: 5/7
  4003 | D:4      | Reached XP level 6. HP: 51/51 MP: 8/8
  4405 | D:5      | Entered Level 5 of the Dungeon
  4589 | D:5      | HP: 1/52 [scorpion (5)]
  4589 | D:5      | Slain by a gnoll

Illustrated notes

Levels and vault maps discovered:
D:1:      dpeg_arrival_arbitrary_b, layout_basic,
          nicolae_concentric_dashed_squares_mild, kennysheep_decorative_pillar
D:2:      minmay_general_purpose_star, layout_basic, cheibrodos_gnoll_hut
D:3:      layout_loops_ring, mainiacjoe_overflow_surrounded_room, serial_glass,
          glass_columns_b, glass_columns_b, feat_on_display, item_on_display_a,
          kennysheep_another_room, uniq_terence
D:4:      layout_rooms, lemuel_tele_altar, minmay_temple_entry_antechambers
D:5:      lemuel_ice_spiral_2, layout_basic
Temple:   eino_temple_scatter_basement

Skill      XL: |  1  2  3  4  5  6 |
---------------+-------------------+-----
Long Blades    | 3 4 |  4.8
Invocations    | 3 4 |  4.0
Fighting       | 4 |  4.4
Short Blades   | |  0.5
Armour         | |  1.6
Dodging        | |  0.8

Action                   |  1- 3 |  4- 6 || total
-------------------------+-------+-------++-------
Melee: Falchion          |    74 |    67 ||   141
       Tailslap          |     5 |    12 ||    17
       Punch             |     3 |     3 ||     6
       Whip              |       |    16 ||    16
       Rapier            |       |    34 ||    34
Throw: Stone             |     1 |       ||     1
       Dart              |       |     1 ||     1
Invok: Bend Space        |     1 |     1 ||     2
 Abil: Rolling Charge    |    16 |     6 ||    22
  Use: Potion            |       |     1 ||     1
Armor: Leather armour    |     9 |    40 ||    49
       Scale mail        |    30 |       ||    30
Dodge: Dodged            |    26 |    46 ||    72

Table legend: (Time is in decaauts)
 A = Elapsed time spent in this place.
 B = Non-inter-level travel time spent in this place.
 C = Inter-level travel time spent in this place.
 D = Time resting spent in this place.
 E = Time spent auto-exploring this place.
 F = Levels seen in this place.
 G = Mean time per level.
                   A        B        C        D        E       F      G
               +--------+--------+--------+--------+--------+-----+--------+
         Total |   4616 |   4288 |    328 |    979 |   2200 |   7 |  659.4 |
       Dungeon |   4404 |   4076 |    328 |    979 |   2042 |   5 |  880.8 |
        Temple |    198 |    198 |      0 |      0 |    158 |   1 |  198.0 |
         Abyss |     14 |     14 |      0 |      0 |      0 |   1 |   14.0 |
               +--------+--------+--------+--------+--------+-----+--------+

Top non-repeatable levels by time:
     D:2: 1711 daAuts
     D:4: 1010 daAuts
     D:1: 1009 daAuts
     D:3: 488 daAuts
  Temple: 198 daAuts
     D:5: 184 daAuts
 Abyss:1: 14 daAuts
